 Dungeon Crawl Stone Soup version 0.28.0-62-gf88900778d (webtiles) character file.

Game seed: 3481566210065682689

1288 cbfl8 the Chopper (level 8, -5/70 HPs)
             Began as a Minotaur Fighter on June 5, 2023.
             Slain by an orc warrior
             ... wielding a +0 dire flail
              (18 damage)
             ... on level 5 of the Dungeon.
             The game lasted 00:04:29 (5641 turns).

cbfl8 the Chopper (Minotaur Fighter)                Turns: 5641, Time: 00:04:30

Health: -5/70      AC: 11    Str: 20    XL:     8   Next: 30%
Magic:  7/7        EV:  7    Int:  5    God:
Gold:   233        SH:  5    Dex: 13    Spells: 7/7 levels left

rFire   + . .      SeeInvis .   a - +0 war axe
rCold   . . .      Faith    .   c - +0 buckler
rNeg    . . .      Spirit   .   r - +0 chain mail
rPois   .          Reflect  .   (helmet restricted)
rElec   .          Harm     .   (no cloak)
rCorr   .          Rampage  .   (no gloves)
Will    .....                   d - +0 pair of boots
Stlth   ..........              (no amulet)
HPRegen 0.21/turn               n - ring of protection from fire
MPRegen 0.10/turn               (no ring)

@: no status effects
A: horns 2, retaliatory headbutt
a: no special abilities


You were on level 5 of the Dungeon.
You visited 1 branch of the dungeon, and saw 6 of its levels.

You collected 257 gold pieces.
You spent 24 gold pieces at shops.

Inventory:

Hand Weapons
 a - a +0 war axe (weapon)
Armour
 c - a +0 buckler (worn)
 d - a +0 pair of boots (worn)
 r - a +0 chain mail (worn)
Jewellery
 n - a ring of protection from fire (left hand)
Wands
 t - a wand of paralysis (2) (quivered)
Scrolls
 b - a scroll of silence {unknown}
 e - 2 scrolls of magic mapping {unknown}
 f - a scroll of immolation
 g - a scroll of enchant armour
 i - a scroll of fear {unknown}
 j - 4 scrolls of noise
 o - a scroll of enchant weapon
 p - 3 scrolls of blinking {unknown}
 s - 2 scrolls of teleportation {unknown}
Potions
 h - 3 potions of heal wounds {unknown}
 k - 3 potions of magic {unknown}
 l - a potion of brilliance
 m - 3 potions of curing {unknown}
 q - a potion of degeneration {unknown}


   Skills:
 + Level 5.7 Fighting
 + Level 7.5 Axes
 + Level 6.0 Armour
 + Level 1.2 Dodging
 + Level 2.2 Stealth
 + Level 4.6 Shields
 * Level 3.8 Evocations


You had 7 spell levels left.
You didn't know any spells.
Your spell library contained the following spells:

 Spells                   Type           Power      Damage    Failure   Level
 Animate Skeleton         Necr           0%         N/A       99%         1
 Apportation              Tloc           0%         N/A       99%         1
 Summon Small Mammal      Summ           0%         N/A       99%         1
 Conjure Ball Lightning   Conj/Air       0%         3x3d6     100%        6
 Discord                  Hex            0%         N/A       100%        8
 Disjunction              Tloc           0%         N/A       100%        8


Dungeon Overview and Level Annotations

Branches:
Dungeon (6/15)
 Temple: D:4-7

Altars:
Cheibriados
Fedhas
Nemelex Xobeh
Okawaru
Sif Muna
Vehumet

Shops:
D:2 =?   D:5 :


Innate Abilities, Weirdness & Mutations

You have a pair of horns on your head.
You reflexively headbutt those who attack you in melee.


Message History

You barely miss the orc warrior. Your headbutt misses the orc warrior.
The orc warrior is moderately wounded.
You hit the adder.
The orc warrior hits you with a +0 dire flail!
The adder bites you but does no damage.
Unknown command.
You hit the orc warrior but do no damage.
The orc warrior is moderately wounded.
You hit the adder but do no damage. The adder bites you but does no damage.
The orc warrior hits you but does no damage.
The adder bites you but does no damage. The orc warrior barely misses you.
Unknown command.
You closely miss the orc warrior.
The orc warrior is moderately wounded.
You slash the adder!
You kill the adder!
The orc warrior barely misses you.
Unknown command.
You hit the orc warrior but do no damage.
The orc warrior is moderately wounded.
The orc warrior hits you with a +0 dire flail!
You closely miss the orc warrior.
The orc warrior is moderately wounded.
The orc warrior hits you with a +0 dire flail.
You closely miss the orc warrior.
The orc warrior is moderately wounded.
The orc warrior hits you with a +0 dire flail.
You closely miss the orc warrior.
The orc warrior is moderately wounded.
The orc warrior hits you with a +0 dire flail!
* * * LOW HITPOINT WARNING * * *
You block the orc warrior's attack.
You hit the orc warrior but do no damage.
The orc warrior is moderately wounded.
The orc warrior hits you with a +0 dire flail!
* * * LOW HITPOINT WARNING * * *
You hit the orc warrior.
The orc warrior is heavily wounded.
The orc warrior hits you with a +0 dire flail!!
You die...

#.# #.# ##...## ## ###.### #.#
#.....# ......# #.# ##...## #
.##.#.# #.####### ##.## # .##.#.#
#.......## #.# # .##.#.#
#...###..# #.# # .##...#
#......8.# ##'## # .###..#
#........###.(.## # .###..#
#8..o@†.###..<..## # ......#
###....[..##.......## #
..##.#####....∩....#.........####
...................'.........'...
..##.#####..<...8..#.........####
.###.# #.....#.####.......## #
####.# #8......# ##.....## #..#
##..##### ##...## #.## #.## ##'##


You could see an orc warrior.

Vanquished Creatures
  Duvessa (D:6)
  An ice beast (D:5)
  A necrophage (D:5)
  A centaur (D:5)
  2 ogres (D:5)
  2 bullfrogs (D:5)
  A scorpion (D:5)
  A water moccasin skeleton (D:5)
  Dowan (D:6)
  A howler monkey (D:5)
  A hound (D:5)
  A jelly (D:5)
  An orc priest (D:5)
  A gnoll shaman (D:4)
  3 orc wizards
  Robin (D:2)
  4 gnolls (D:4)
  7 adders
  An adder skeleton (D:5)
  4 worms
  3 dart slugs
  13 orcs
  5 ball pythons
  4 endoplasms
  2 giant cockroaches
  10 hobgoblins
  7 jackals
  3 quokkas
  5 bats
  2 frilled lizards (D:2)
  9 goblins
  9 kobolds
  6 rats
114 creatures vanquished.

Vanquished Creatures (others)
  2 plants (D:3)
2 creatures vanquished.

Grand Total: 116 creatures vanquished

Notes
Turn   | Place    | Note
-------+----------+-------------------------------------------
     0 | D:1      | cbfl8 the Minotaur Fighter began the quest for the Orb.
     0 | D:1      | Reached XP level 1. HP: 19/19 MP: 0/0
   401 | D:1      | Reached XP level 2. HP: 26/26 MP: 1/1
   828 | D:1      | Found a faded altar of an unknown god.
   903 | D:2      | Reached XP level 3. HP: 33/33 MP: 2/2
   948 | D:2      | Found Xipn's Magic Scroll Emporium.
   960 | D:2      | Bought a scroll of identify for 24 gold pieces
  1045 | D:2      | Reached skill level 1 in Evocations
  1051 | D:2      | Reached skill level 3 in Axes
  1051 | D:2      | Noticed Robin
  1058 | D:2      | Killed Robin
  1426 | D:2      | Reached XP level 4. HP: 40/40 MP: 3/3
  1543 | D:2      | Found Pan Gaom's Jewellery Emporium.
  1864 | D:3      | Reached skill level 4 in Axes
  2000 | D:3      | Found an iron altar of Okawaru.
  2132 | D:3      | Reached XP level 5. HP: 30/46 MP: 4/4
  2324 | D:3      | Reached skill level 1 in Dodging
  2615 | D:4      | Found a shimmering blue altar of Sif Muna.
  2678 | D:4      | Found a radiant altar of Vehumet.
  2680 | D:4      | Found a sparkling altar of Nemelex Xobeh.
  3061 | D:4      | Reached XP level 6. HP: 46/53 MP: 5/5
  3386 | D:4      | Found a blossoming altar of Fedhas.
  3465 | D:5      | Entered Level 5 of the Dungeon
  3498 | D:5      | Found a snail-covered altar of Cheibriados.
  3510 | D:5      | Reached skill level 5 in Axes
  3800 | D:5      | Found Nupo's Book Shoppe.
  4314 | D:5      | Noticed an ice beast
  4323 | D:5      | Reached skill level 5 in Fighting
  4323 | D:5      | Reached skill level 6 in Axes
  4323 | D:5      | Reached skill level 5 in Armour
  4323 | D:5      | Reached XP level 7. HP: 30/61 MP: 6/6
  4328 | D:5      | Reached skill level 1 in Stealth
  4830 | D:5      | Reached skill level 7 in Axes
  5103 | D:6      | Noticed Duvessa
  5103 | D:6      | Noticed Dowan
  5113 | D:6      | Killed Duvessa
  5114 | D:6      | Reached XP level 8. HP: 69/69 MP: 7/7
  5535 | D:6      | Killed Dowan
  5641 | D:5      | Slain by an orc warrior

Illustrated notes

Levels and vault maps discovered:
D:1:      dpeg_arrival_castle, layout_loops_ring,
          shapermc_ecumenical_altar_mp_urbaneastern, corexii_corridor_pit,
          hangedman_abyss_or_decor_lesser_grid
D:2:      layout_basic, serial_shops, shop_scrolls, nicolae_shop_trees,
          minmay_octomino_e4, uniq_robin
D:3:      layout_rooms, mainiacjoe_overflow_tiny_flanked, serial_bayou_ford_a
D:4:      layout_rooms, marbit_many_paths, lemuel_blue_sif_altar,
          chequers_temple_overflow_statue_of_worship,
          amcnicky_mini_rare_corridor_liquid, grunt_ministairs_12
D:5:      layout_loops_corners, kennysheep_slug_shrine, serial_shops,
          nicolae_stop_n_shop_1
D:6:      layout_loops_corners, grunt_dithmenos_shadows, kennysheep_mini_moat,
          temple_fountains, minmay_door_square, kennysheep_cluttered_room,
          minmay_diced_spiral, uniq_duvessa

Skill      XL: |  1  2  3  4  5  6  7  8 |
---------------+-------------------------+-----
Armour         | 4 5 6 |  6.0
Evocations     | 1 2 3 |  3.8
Fighting       | 4 5 |  5.7
Axes           | 3 4 6 7 |  7.5
Shields        | 4 |  4.6
Dodging        | 1 |  1.2
Stealth        | 1 2 |  2.2

Action                   |  1- 3 |  4- 6 |  7- 9 || total
-------------------------+-------+-------+-------++-------
Melee: War axe           |    78 |   148 |    59 ||   285
       Headbutt          |     9 |    29 |    17 ||    55
Evoke: Wand              |       |     2 |     6 ||     8
  Use: Scroll            |     1 |     1 |     2 ||     4
       Potion            |     1 |       |       ||     1
 Stab: Paralysed         |       |     2 |    10 ||    12
Armor: Scale mail        |    50 |    42 |       ||    92
       Chain mail        |       |    28 |    35 ||    63
Dodge: Dodged            |    48 |    45 |    26 ||   119
Block: Buckler           |    28 |    31 |    13 ||    72
